 Dungeon Crawl Stone Soup version 0.29.0-4-gdea44cf6ec (webtiles) character file.

Game seed: 5601425538530979595

2119 qw the Cleaver (level 9, -4/54 HPs)
             Began as a Tengu Warper on Aug 28, 2022.
             Slain by a two-headed ogre
             ... wielding a +0 giant club
              (17 damage)
             ... on level 6 of the Dungeon.
             The game lasted 00:00:38 (5275 turns).

qw the Cleaver (Tengu Warper)                       Turns: 5275, Time: 00:00:39

Health: -4/54      AC:  9    Str: 15    XL:     9   Next: 29%
Magic:  22/22      EV:  8    Int: 14    God:
Gold:   136        SH:  7    Dex: 14    Spells: 12/12 levels left

rFire   . . .      SeeInvis .   Y - +0 war axe
rCold   . . .      Faith    .   a - +2 buckler "Pamecu" {rCorr}
rNeg    . . .      Spirit   .   c - +0 chain mail
rPois   +          Reflect  .   (helmet restricted)
rElec   .          Harm     .   (no cloak)
rCorr   +          Rampage  .   (no gloves)
Will    +....                   (boots unavailable)
Stlth   ..........              r - amulet of Sloth {Acrobat rPois MP+9}
HPRegen 0.18/turn               h - ring of willpower
MPRegen 0.18/turn               i - +4 ring of slaying {mikee}

@: flying quickly and evasively, quick
A: beak, talons 3, nimble flight
a: no special abilities


You were on level 6 of the Dungeon.
You visited 2 branches of the dungeon, and saw 7 of its levels.

You collected 243 gold pieces.
You spent 107 gold pieces at shops.


Innate Abilities, Weirdness & Mutations

You have a beak for a mouth.
You have claws for feet.
Your magical nature lets you fly swiftly and evasively.


   Skills:
 - Level 5.1 Fighting
 + Level 10.8 Axes
 - Level 1.0 Throwing
 - Level 3.2 Armour
 - Level 3.4 Dodging
 - Level 3.1 Shields
 - Level 2.0 Spellcasting
 - Level 2.4 Translocations


You had 12 spell levels left.
You didn't know any spells.
Your spell library contained the following spells:

 Spells                   Type           Power      Damage    Failure   Level
 Blink                    Tloc           16%        N/A       98%         2
 Gell's Gravitas          Tloc           8%         N/A       100%        3
 Lesser Beckoning         Tloc           8%         N/A       100%        3
 Teleport Other           Tloc           8%         N/A       100%        3
 Manifold Assault         Tloc           8%         N/A       100%        5

Inventory:

Hand Weapons
 k - a +0 flail
 Y - a +0 war axe (weapon)
Armour
 a - the +2 buckler "Pamecu" (worn) {rCorr}
   (You acquired it on level 1 of the Dungeon)

   rCorr:     It protects you from acid and corrosion.
 c - a +0 chain mail (worn)
Jewellery
 e - an amulet of regeneration
 h - a ring of willpower (left hand)
 i - a +4 ring of slaying (right hand) {mikee}
 r - the amulet of Sloth (around neck) {Acrobat rPois MP+9}
   (You found it on level 5 of the Dungeon)

   [amulet of the acrobat]

   It increases your evasion while moving and waiting.
   rPois:     It protects you from poison.
   MP:        It affects your magic capacity (+9).
Scrolls
 d - a scroll of identify
Potions
 b - a potion of haste
 f - a potion of might
 m - a potion of invisibility {unknown}
 n - a potion of curing

Dungeon Overview and Level Annotations

Branches:
Dungeon (6/15)             Temple (1/1) D:6

Altars:
Cheibriados
Dithmenos
Fedhas
Gozag
Hepliaklqana
Kikubaaqudgha
Nemelex Xobeh
Ru
Sif Muna
Trog
Uskayaw
Vehumet
Wu Jian
Yredelemnul
Zin
The Shining One

Shops:
D:2 ?   D:3 (!


Message History

You hit the scorpion. The scorpion barely misses you. The bullfrog hits you.
The scorpion barely misses you.
You slash the bullfrog!
You kill the bullfrog!
You hit the scorpion.
The scorpion stings you but does no damage.
You slash the scorpion!
You kill the scorpion!
You start resting.
An orc comes into view.
It is wielding a +0 club and wearing a +1 leather armour of fire resistance.
The orc shouts!
You barely miss the orc. You claw the orc, but do no damage.
The orc hits you but does no damage.
A white imp comes into view.
You barely miss the orc.
The white imp shouts, "Decamp, thou jarring ruttish bandersnitch!"
You peck the orc.
The orc is severely wounded.
The orc hits you with a +0 club. The orc hits you but does no damage.
You hit the orc.
You kill the orc!
The white imp gestures at you. The puff of frost hits you.
Found 4 poisoned darts.
A two-headed ogre comes into view.
It is wielding a +0 giant club and a +0 giant spiked club.
The white imp completely misses you.
The two-headed ogre shouts in stereo!
You slash the white imp!
You peck the white imp, but do no damage.
The white imp is almost dead.
You hear a howl!
You block the white imp's attack.
You completely miss the white imp. You peck the white imp.
You kill the white imp!
You start resting.
A two-headed ogre is nearby!
You closely miss the two-headed ogre.
The two-headed ogre hits you with a +0 giant club!
You die...

.# .# .#... ..
. .... . .# .
#... .. #.
.#.#... (#. !.#
.#...#...# ...
.......
#.#######O..#
#...>....@..#
#.........###
#.$%).........
#....%...####..
###.....##
####..# ##..#
##.# ##


You could see a two-headed ogre.

Vanquished Creatures
  A yak (D:6)
  A vampire mosquito (D:6)
  2 water moccasins
  4 ogres
  3 centaurs (D:5)
  A phantom (D:5)
  A bullfrog (D:6)
  Blork the orc (D:5)
  A necrophage (D:5)
  2 scorpions
  A wight (D:6)
  3 howler monkeys (D:5)
  A jelly (D:5)
  4 hounds
  An orc priest (D:6)
  3 iguanas
  4 gnolls
  9 adders
  A shadow imp (D:6)
  4 white imps
  A worm (D:3)
  4 dart slugs
  7 orcs
  9 bats
  4 endoplasms
  6 giant cockroaches
  7 goblins
  11 hobgoblins
  4 quokkas
  9 ball pythons
  7 frilled lizards
  2 goblin skeletons (D:4)
  A goblin zombie (D:4)
  3 hobgoblin zombies (D:4)
  4 kobolds
  A kobold zombie (D:4)
  4 orc skeletons (D:4)
  An orc zombie (D:4)
  6 rats
139 creatures vanquished.

Vanquished Creatures (others)
  A butterfly (D:6)
  44 plants (D:5)
45 creatures vanquished.

Grand Total: 184 creatures vanquished

Notes
Turn   | Place    | Note
-------+----------+-------------------------------------------
     0 | D:1      | qw the Tengu Warper began the quest for the Orb.
     0 | D:1      | Reached XP level 1. HP: 12/12 MP: 4/4
     0 | D:1      | 0 ||| qw: Version: 0.1-a-89-g26bdef1
     0 | D:1      | 0 ||| qw: Game counter: 3135
     0 | D:1      | 0 ||| qw: Always use a shield: true
     0 | D:1      | 0 ||| qw: God list: Okawaru
     0 | D:1      | 0 ||| qw: Allow faded altars: false
     0 | D:1      | 0 ||| qw: Do Orc after D:15 true
     0 | D:1      | 0 ||| qw: Do second Lair branch before Depths: true
     0 | D:1      | 0 ||| qw: Lair rune preference: random
     0 | D:1      | 0 ||| qw: Plans: Normal
     0 | D:1      | 0 ||| PLANNING D:1-11
    69 | D:1      | 69 ||| Stepping ~*~*~tactically~*~*~ (hiding).
   152 | D:1      | 152 ||| Stepping ~*~*~tactically~*~*~ (stealth).
   153 | D:1      | 153 ||| Stepping ~*~*~tactically~*~*~ (stealth).
   158 | D:1      | Reached XP level 2. HP: 14/17 MP: 6/6
   209 | D:1      | Reached skill level 3 in Axes
   223 | D:1      | 223 ||| Stepping ~*~*~tactically~*~*~ (stealth).
   224 | D:1      | 224 ||| Stepping ~*~*~tactically~*~*~ (stealth).
   338 | D:1      | 338 ||| DROPPING +0 club.
   397 | D:1      | 397 ||| Stepping ~*~*~tactically~*~*~ (hiding).
   682 | D:1      | Reached XP level 3. HP: 21/21 MP: 7/7
   815 | D:1      | Reached skill level 4 in Axes
  1017 | D:1      | 1017 ||| UPGRADING to +0 ring mail.
  1027 | D:1      | 1027 ||| DROPPING +0 leather armour.
  1028 | D:1      | 1028 ||| UPGRADING to amulet of regeneration.
  1033 | D:1      | 1033 ||| READING scroll labelled VELLU FYEMESME.
  1036 | D:1      | 1036 ||| READING scroll labelled QIBBITU HUSHRYFOA.
  1037 | D:1      | 1037 ||| READING scroll labelled KUCSIEK JEAHA.
  1037 | D:1      | Identified a scroll of acquirement
  1037 | D:1      | 1037 ||| ACQUIRING +2 buckler "Pamecu" {rCorr}
  1037 | D:1      | Acquired the +2 buckler "Pamecu" {rCorr}
  1039 | D:1      | 1039 ||| UPGRADING to +2 buckler "Pamecu" {rCorr}.
  1044 | D:1      | 1044 ||| DROPPING scroll of blinking.
  1087 | D:2      | Found a faded altar of an unknown god.
  1223 | D:2      | Found a shadowy altar of Dithmenos.
  1339 | D:2      | Reached skill level 1 in Shields
  1428 | D:2      | Found Noxump's Magic Scroll Emporium.
  1432 | D:2      | Reached XP level 4. HP: 26/26 MP: 8/8
  1439 | D:2      | 1439 ||| SHOPLISTING scroll of enchant armour (97 gold,
                  | have 66).
  1439 | D:2      | 1439 ||| BUYING scroll of identify (26 gold).
  1439 | D:2      | Bought a scroll of identify for 26 gold pieces
  1439 | D:2      | 1439 ||| BUYING scroll of teleportation (39 gold).
  1439 | D:2      | Bought a scroll of teleportation for 39 gold pieces
  1439 | D:2      | 1439 ||| SHOPLISTING scroll of teleportation (39 gold, have
                  | 1).
  1469 | D:2      | 1469 ||| DROPPING +0 whip.
  1949 | D:2      | 1949 ||| UPGRADING to ring of willpower.
  1950 | D:2      | 1950 ||| READING scroll labelled HOTO IGIMN.
  1951 | D:2      | 1951 ||| READING scroll labelled LASHIK MUTZIYMM.
  1952 | D:2      | 1952 ||| READING 3 scrolls of identify.
  1952 | D:2      | 1952 ||| IDENTIFYING pink potion
  1953 | D:2      | 1953 ||| READING 2 scrolls of identify.
  1953 | D:2      | 1953 ||| IDENTIFYING grey potion
  1954 | D:2      | 1954 ||| DROPPING potion of magic.
  2145 | D:3      | 2145 ||| Stepping ~*~*~tactically~*~*~ (stealth).
  2147 | D:3      | 2147 ||| Stepping ~*~*~tactically~*~*~ (stealth).
  2232 | D:3      | 2232 ||| Stepping ~*~*~tactically~*~*~ (stealth).
  2236 | D:3      | 2236 ||| Stepping ~*~*~tactically~*~*~ (stealth).
  2254 | D:3      | Found a basalt altar of Yredelemnul.
  2271 | D:3      | Reached skill level 5 in Axes
  2410 | D:3      | Gained mutation: Your magical nature lets you fly swiftly
                  | and evasively. [Tengu growth]
  2410 | D:3      | Reached XP level 5. HP: 19/30 MP: 9/9
  2516 | D:3      | Found Kijuol's Distillery.
  2517 | D:3      | Found Ulofugy's Weapon Shop.
  2522 | D:3      | 2522 ||| SHOPLISTING 2 potions of might (112 gold, have
                  | 75).
  2522 | D:3      | 2522 ||| SHOPLISTING potion of cancellation (112 gold, have
                  | 75).
  2522 | D:3      | 2522 ||| BUYING potion of curing (42 gold).
  2522 | D:3      | Bought a potion of curing for 42 gold pieces
  2522 | D:3      | 2522 ||| SHOPLISTING potion of curing (42 gold, have 33).
  2528 | D:3      | 2528 ||| SHOPLISTING +0 war axe (45 gold, have 33).
  2528 | D:3      | 2528 ||| SHOPLISTING +1 broad axe of flaming (184 gold,
                  | have 33).
  2641 | D:3      | Found a bloodstained altar of Trog.
  2899 | D:3      | 2899 ||| UPGRADING to +0 chain mail.
  2909 | D:3      | 2909 ||| DROPPING +0 ring mail.
  2910 | D:3      | 2910 ||| READING scroll labelled ZITI SIJICW.
  2911 | D:3      | 2911 ||| READING scroll labelled GUELEPH ATHRY.
  2912 | D:3      | 2912 ||| READING scroll labelled ZULYMAMOLI.
  3071 | D:4      | Reached skill level 6 in Axes
  3072 | D:4      | 3072 ||| Stepping ~*~*~tactically~*~*~ (stealth).
  3081 | D:4      | Reached XP level 6. HP: 35/35 MP: 10/10
  3141 | D:4      | 3141 ||| Stepping ~*~*~tactically~*~*~ (stealth).
  3202 | D:4      | 3202 ||| Stepping ~*~*~tactically~*~*~ (stealth).
  3204 | D:4      | 3204 ||| Stepping ~*~*~tactically~*~*~ (hiding).
  3418 | D:4      | Found a glowing golden altar of the Shining One.
  3420 | D:4      | 3420 ||| FLEEEEING.
  3421 | D:4      | 3421 ||| FLEEEEING.
  3423 | D:4      | 3423 ||| FLEEEEING.
  3424 | D:4      | 3424 ||| FLEEEEING.
  3425 | D:4      | 3425 ||| FLEEEEING.
  3428 | D:4      | 3428 ||| Stepping ~*~*~tactically~*~*~ (hiding).
  3429 | D:4      | 3429 ||| Stepping ~*~*~tactically~*~*~ (hiding).
  3430 | D:4      | 3430 ||| Stepping ~*~*~tactically~*~*~ (hiding).
  3465 | D:4      | 3465 ||| Stepping ~*~*~tactically~*~*~ (stealth).
  3470 | D:4      | 3470 ||| Stepping ~*~*~tactically~*~*~ (stealth).
  3577 | D:4      | Reached skill level 7 in Axes
  3649 | D:4      | 3649 ||| DROPPING ring of magical power.
  3650 | D:4      | 3650 ||| DRINKING 2 emerald potions.
  3651 | D:4      | 3651 ||| DRINKING 2 lumpy golden potions.
  3652 | D:4      | 3652 ||| DRINKING 2 fizzy dark potions.
  3676 | D:4      | 3676 ||| DROPPING potion of brilliance.
  3677 | D:4      | 3677 ||| DROPPING potion of lignification.
  3687 | D:5      | Entered Level 5 of the Dungeon
  3715 | D:5      | Reached XP level 7. HP: 31/40 MP: 11/11
  3791 | D:5      | 3791 ||| UPGRADING to +4 ring of slaying {mikee}.
  3809 | D:5      | Reached skill level 3 in Fighting
  3831 | D:5      | 3831 ||| READING 2 scrolls of identify.
  3831 | D:5      | 3831 ||| IDENTIFYING golden potion
  3832 | D:5      | 3832 ||| READING 2 scrolls of teleportation.
  3862 | D:5      | 3862 ||| Stepping ~*~*~tactically~*~*~ (stealth).
  3865 | D:5      | 3865 ||| Stepping ~*~*~tactically~*~*~ (stealth).
  3870 | D:5      | 3870 ||| Stepping ~*~*~tactically~*~*~ (stealth).
  3871 | D:5      | 3871 ||| Stepping ~*~*~tactically~*~*~ (stealth).
  3889 | D:5      | 3889 ||| FLEEEEING.
  3890 | D:5      | 3890 ||| FLEEEEING.
  3891 | D:5      | 3891 ||| FLEEEEING.
  3892 | D:5      | 3892 ||| FLEEEEING.
  3893 | D:5      | 3893 ||| FLEEEEING.
  3894 | D:5      | 3894 ||| STAIRDANCE
  4022 | D:5      | Reached skill level 8 in Axes
  4024 | D:5      | Noticed Blork the orc
  4025 | D:5      | 4025 ||| Stepping ~*~*~tactically~*~*~ (hiding).
  4035 | D:5      | Killed Blork the orc
  4044 | D:5      | 4044 ||| Stepping ~*~*~tactically~*~*~ (stealth).
  4046 | D:5      | 4046 ||| Stepping ~*~*~tactically~*~*~ (hiding).
  4047 | D:5      | 4047 ||| Stepping ~*~*~tactically~*~*~ (hiding).
  4054 | D:5      | 4054 ||| Stepping ~*~*~tactically~*~*~ (hiding).
  4055 | D:5      | 4055 ||| Stepping ~*~*~tactically~*~*~ (hiding).
  4057 | D:5      | 4057 ||| Stepping ~*~*~tactically~*~*~ (hiding).
  4059 | D:5      | 4059 ||| Stepping ~*~*~tactically~*~*~ (hiding).
  4069 | D:5      | Reached skill level 9 in Axes
  4069 | D:5      | Reached XP level 8. HP: 18/46 MP: 12/12
  4086 | D:5      | Reached skill level 3 in Armour
  4086 | D:5      | 4086 ||| Stepping ~*~*~tactically~*~*~ (hiding).
  4087 | D:5      | 4087 ||| Stepping ~*~*~tactically~*~*~ (hiding).
  4096 | D:5      | 4096 ||| FLEEEEING.
  4097 | D:5      | 4097 ||| FLEEEEING.
  4098 | D:5      | 4098 ||| FLEEEEING.
  4099 | D:5      | 4099 ||| FLEEEEING.
  4100 | D:5      | 4100 ||| STAIRDANCE
  4147 | D:5      | 4147 ||| SWAPPING to +0 war axe.
  4156 | D:5      | 4156 ||| DROPPING +1 hand axe.
  4391 | D:5      | 4391 ||| Stepping ~*~*~tactically~*~*~ (stealth).
  4616 | D:5      | Identified the amulet of Sloth {Acrobat rPois MP+9}
  4646 | D:5      | Reached skill level 10 in Axes
  4906 | D:5      | 4906 ||| UPGRADING to amulet of Sloth {Acrobat rPois MP+9}.
  4969 | D:5      | 4969 ||| READING scroll labelled KEETEU MAGA.
  4970 | D:5      | 4970 ||| READING 2 scrolls of identify.
  4970 | D:5      | 4970 ||| IDENTIFYING orange potion
  4971 | D:5      | 4971 ||| DROPPING potion of flight.
  5047 | D:6      | Found a staircase to the Ecumenical Temple.
  5048 | D:6      | 5048 ||| PLANNING TEMPLE
  5057 | Temple   | Entered the Ecumenical Temple
  5188 | Temple   | 5188 ||| PLANNING D:1-11
  5206 | D:6      | Noticed a yak
  5207 | D:6      | 5207 ||| Stepping ~*~*~tactically~*~*~ (hiding).
  5210 | D:6      | 5210 ||| Stepping ~*~*~tactically~*~*~ (hiding).
  5218 | D:6      | 5218 ||| Stepping ~*~*~tactically~*~*~ (stealth).
  5221 | D:6      | Reached skill level 3 in Shields
  5222 | D:6      | Killed a yak
  5228 | D:6      | Reached XP level 9. HP: 16/54 MP: 13/13
  5228 | D:6      | HP: 13/54 [water moccasin (3)]
  5229 | D:6      | 5229 ||| READING scroll of teleportation.
  5230 | D:6      | 5230 ||| DRINKING 2 potions of heal wounds.
  5234 | D:6      | Reached skill level 3 in Dodging
  5241 | D:6      | HP: 12/54 [hound (2)]
  5242 | D:6      | 5242 ||| DRINKING potion of heal wounds.
  5267 | D:6      | HP: 12/54 [white imp/puff of frost (3)]
  5270 | D:6      | Noticed a two-headed ogre
  5275 | D:6      | Slain by a two-headed ogre

Levels and vault maps discovered:
D:1:      dpeg_arrival_simpleton_c, layout_loops_ring, minmay_tromino_v4_a
D:2:      minmay_chambers_of_ones, layout_basic, serial_shops, shop,
          dreamdust_ecumenical_altar_statues, basic_altar,
          kennysheep_another_room, chequers_mini_garden, st_stairs_14,
          corexii_leaking_fountain, minmay_misc_feat_iff, grunt_ministairs_8,
          minmay_misc_feat_ornament
D:3:      layout_loops_corners, trog_antimagical, mainiacjoe_overflow_brackets,
          serial_shops, shop, nicolae_shop_crystal, minmay_misc_feat_x
D:4:      layout_cave_pools, nicolae_tso_besieged_by_evil
D:5:      minmay_inner_zag, layout_loops_corners, serial_bayou,
          serial_bayou_pond_e, serial_bayou_pond_e, serial_bayou_lagoon_a,
          serial_bayou_pond_e, uniq_blork_the_orc
D:6:      cheibrodos_fzero, layout_rooms, nicolae_elyvilon_peaceful_grove,
          minmay_temple_entry_statues_pillars
Temple:   hellmonk_temple_forest_ring

Skill      XL: |  1  2  3  4  5  6  7  8  9 |
---------------+----------------------------+-----
Axes           | 3 4 5 6 7 9 10 | 10.8
Shields        | 1 2 3 |  3.1
Armour         | 2 3 |  3.2
Fighting       | 3 5 |  5.1
Dodging        | 3 |  3.4
Throwing       | |  1.0
Spellcasting   | |  2.0
Translocations | |  2.4

Action                   |  1- 3 |  4- 6 |  7- 9 || total
-------------------------+-------+-------+-------++-------
Melee: Hand axe          |    81 |   162 |    67 ||   310
       Peck              |    13 |    15 |    21 ||    49
       Kick              |    18 |    39 |    34 ||    91
       War axe           |       |       |    61 ||    61
Throw: Boomerang         |     7 |       |     2 ||     9
  Use: Scroll            |     3 |     7 |     5 ||    15
       Potion            |       |     3 |     2 ||     5
Armor: Leather armour    |    13 |       |       ||    13
       Ring mail         |     5 |     8 |       ||    13
       Chain mail        |       |    23 |    42 ||    65
Dodge: Dodged            |    45 |    47 |    36 ||   128
Block: Buckler           |     3 |    31 |    37 ||    71

Table legend:
 A = Non-vault XP
 B = Vault XP
 C = Vault XP percentage of total XP
 D = Non-vault monster count
 E = Vault monster count
 F = Vault count percentage of total count
                 A         B        C        D         E       F
            +---------+---------+-------+---------+---------+-------
      Total |    1846 |    1182 |  39.0 |      96 |      43 |  30.9
            +---------+---------+-------+---------+---------+-------
        D:1 |      50 |       3 |   5.7 |      28 |       3 |   9.7
        D:2 |      32 |      25 |  43.9 |      14 |       8 |  36.4
        D:3 |      84 |      19 |  18.4 |      16 |       3 |  15.8
        D:4 |     332 |      23 |   6.5 |      18 |      13 |  41.9
        D:5 |    1150 |     250 |  17.9 |      17 |       5 |  22.7
        D:6 |     198 |     862 |  81.3 |       3 |      11 |  78.6
            +---------+---------+-------+---------+---------+-------
